 Dungeon Crawl Stone Soup version 0.31-a0-1074-g0b22e4e0f1 (webtiles) character file.

Game seed: 2081038667387142246

221 javelincjr the Magician (level 6, -1/45 HPs)
             Began as a Djinni Hedge Wizard on Dec 4, 2023.
             Slain by an orc
             ... wielding a +0 hand axe
              (2 damage)
             ... on level 2 of the Dungeon.
             The game lasted 00:07:14 (1818 turns).

javelincjr the Magician (Djinni Hedge Wizard)       Turns: 1818, Time: 00:07:15

Health: -1/45      AC:  5    Str:  6 (9)  XL:     6   Next: 19%
Gold:   86         EV: 13    Int: 17 (18) God:
                   SH:  0    Dex: 11 (12)

rFire   + + .        j - +3 quarterstaff (chaos)
rCold   x . .        (shield currently unavailable)
rNeg    . . .        m - +2 robe {Will+}
rPois   ∞            c - +0 hat
rElec   .            k - +0 cloak
rCorr   .            (no gloves)
SInv    .            (boots unavailable)
Will    +....        (no amulet)
Stlth   ++           (no ring)
HPRegen 0.27/turn    (no ring)
MPRegen 0.00/turn

%: infuse magic (-2 HP)
@: on blink cooldown, flying
A: sickness immunity, fire resistance 2, cold vulnerability 1, float, innate
caster, HP casting, extra vitality 1
a: no special abilities


You were on level 2 of the Dungeon.
You visited 1 branch of the dungeon, and saw 2 of its levels.

You collected 86 gold pieces.

Inventory:

Hand Weapons
 a - a +0 dagger
 j - a +3 quarterstaff of chaos (weapon)
Missiles
 d - 13 stones
Armour
 b - a +0 robe
 c - a +0 hat (worn)
 f - a +1 chain mail of fire resistance
 k - a +0 cloak (worn)
 m - a +2 robe of willpower (worn)
 n - a scarf of harm
Wands
 i - a wand of polymorph (9)
Scrolls
 l - 3 scrolls of identify {unknown}
Potions
 e - a potion of ambrosia {unknown}
 g - a potion of resistance {unknown}


   Skills:
 * Level 2.4 Fighting
 + Level 0.0 Staves
 + Level 0.0 Armour
 + Level 3.7 Dodging
 - Level 1.5 Stealth
 * Level 4.1 Spellcasting
 * Level 4.1 Conjurations
 * Level 4.1 Hexes
   Level 0.0 Charms
 * Level 4.1 Summonings
 * Level 4.1 Necromancy
 * Level 4.1 Translocations
 * Level 4.1 Transmutations
 * Level 4.1 Fire Magic
 * Level 4.1 Ice Magic
 * Level 4.1 Air Magic
 * Level 4.1 Earth Magic
 * Level 4.1 Poison Magic


You knew the following spells:

 Your Spells              Type           Power      Damage    Failure   Level
a - Magic Dart            Conj           68%        1d6       3%          1
b - Slow                  Hex            68%        N/A       3%          1
c - Blink                 Tloc           34%        N/A       4%          2
d - Call Imp              Summ           34%        N/A       4%          2
e - Mephitic Cloud        Conj/Pois/Air  17%        N/A       9%          3
f - Freeze                Ice            68%        1d8       3%          1
g - Poisonous Vapours     Pois/Air       34%        N/A       4%          2
Your spell library was empty.

Dungeon Overview and Level Annotations

Branches:
Dungeon (2/15)

Altars:


Innate Abilities, Weirdness & Mutations

You are immune to sickness and miasma.
You are immune to poison.
Your flesh is very heat resistant. (rF++)
You are vulnerable to cold. (rC-)
You float through the air rather than walking.
You learn spells naturally, not from books.
Your magical power is your life essence.
You have superior vitality. (+4 MHP)


Message History

You hit the orc.
You kill the orc!
You closely miss the orc priest.
The orc priest miscasts a cantrip.
You barely miss the orc priest.
The orc priest hits you with a +0 flail.
The orc priest closely misses you.
You hit the orc priest. You drain the orc priest.
The orc priest is moderately wounded.
The orc priest invokes the aid of Beogh against you.
Beogh smites you!
You barely miss the orc priest.
The orc priest is moderately wounded.
The orc priest barely misses you.
You barely miss the orc priest.
The orc priest is moderately wounded.
The orc priest calls down the wrath of Beogh upon you.
Pain shoots through your body!
The orc priest mumbles some strange prayers to Beogh against you.
Pain shoots through your body!
* * * LOW HITPOINT WARNING * * *
You closely miss the orc priest.
The orc priest is moderately wounded.
The orc priest closely misses you.
Casting: Mephitic Cloud (dangerous; 9% risk of failure)
Confirm with . or Enter, or press ? or * to list all spells.
You blink.
Found a lumpy orange potion.
* * * LOW HITPOINT WARNING * * *
The bat hits you but does no damage. The orc closely misses you.
The bat hits you.
* * * LOW HITPOINT WARNING * * *
The orc priest looks braver for a moment.
The orc attacks as it pursues you! The orc misses you. The bat misses you.
It was a potion of degeneration.
There was something very wrong with that liquid.
You feel weakened.
You feel dopey.
You feel clumsy. The bat hits you but does no damage.
The orc hits you with a +0 club.
* * * LOW HITPOINT WARNING * * *
The orc hits you with a +0 hand axe.
You die...

. .###.# #.# #. ....##..
## #####. #.#.!..#..#
##.....
#.........####...##
#####.....#.#......#..#.
............######....#.
.....).bo.# ##.#.##
#....@o.##### #..#.#
#........o..# #.###.
#.....#####.# #..#..
#..#### #.# #.#.#. #..
#.#####.###. #.
##.#......... #
##..#.###.##.. #.#
##.#.#.# #.##.. #.#
#.###..###.##..


You could see an orc priest (very drained), 2 orcs and a bat.

Vanquished Creatures
  Sigmund (D:2)
  2 worms (D:2)
  An orc (D:2)
  3 endoplasms
  2 giant cockroaches
  3 goblins
  3 hobgoblins
  A quokka (D:1)
  6 ball pythons
  2 bats (D:1)
  3 frilled lizards
  A rat (D:1)
28 creatures vanquished.

Vanquished Creatures (collateral kills)
  Crazy Yiuf (D:2)
  A hobgoblin (D:2)
  A bat (D:2)
3 creatures vanquished.

Grand Total: 31 creatures vanquished

Notes
Turn   | Place    | Note
-------+----------+-------------------------------------------
     0 | D:1      | javelincjr the Djinni Hedge Wizard began the quest for the
                  | Orb.
     0 | D:1      | javelincjr set off with the following spells memorised:
                  | Magic Dart, Slow, Blink, Call Imp, Mephitic Cloud.
     0 | D:1      | Reached XP level 1. HP: 15/15 MP: 0/0
   152 | D:1      | Reached XP level 2. HP: 19/22 MP: 0/0
   817 | D:2      | Reached XP level 3. HP: 13/26 MP: 0/0
   817 | D:2      | Learned a level 1 spell: Freeze
   887 | D:2      | Found a runed translucent door.
   888 | D:2      | Noticed Crazy Yiuf
   945 | D:2      | Killed Crazy Yiuf
   946 | D:2      | Reached skill level 1 in Fighting
   946 | D:2      | Reached XP level 4. HP: 6/32 MP: 0/0
  1352 | D:2      | Noticed Sigmund
  1396 | D:2      | Killed Sigmund
  1397 | D:2      | Reached XP level 5. HP: 19/39 MP: 0/0
  1397 | D:2      | Learned a level 2 spell: Poisonous Vapours
  1397 | D:2      | Reached XP level 6. HP: 21/45 MP: 0/0
  1817 | D:2      | HP: 1/45 [bat (1)]
  1818 | D:2      | Slain by an orc

Illustrated notes

Levels and vault maps discovered:
D:1:      saegor_arrival_simple_b, layout_loops_ring
D:2:      layout_loops_ring, shapermc_ecumenical_altar_hornbeckon, uniq_sigmund,
          uniq_crazy_yiuf_cottage

Skill      XL: |  1  2  3  4 |
---------------+-------------+-----
Spellcasting   | 3 4 |  4.1
Conjurations   | 3 4 |  4.1
Hexes          | 3 4 |  4.1
Summonings     | 3 4 |  4.1
Necromancy     | 3 4 |  4.1
Translocations | 3 4 |  4.1
Transmutations | 3 4 |  4.1
Fire Magic     | 3 4 |  4.1
Ice Magic      | 3 4 |  4.1
Air Magic      | 3 4 |  4.1
Earth Magic    | 3 4 |  4.1
Poison Magic   | 3 4 |  4.1
Fighting       | 1 2 |  2.4
Dodging        | 3 |  3.7
Stealth        | |  1.5

Action                     |  1- 3 |  4- 6 || total
---------------------------+-------+-------++-------
  Melee: Dagger            |    20 |       ||    20
         Quarterstaff      |       |    33 ||    33
   Cast: Magic Dart        |    36 |     1 ||    37
         Call Imp          |     8 |     2 ||    10
         Freeze            |     1 |       ||     1
         Mephitic Cloud    |       |     2 ||     2
         Blink             |       |     1 ||     1
    Use: Potion            |       |     1 ||     1
   Stab: Sleeping          |       |     1 ||     1
 Armour: Robe              |    12 |    16 ||    28
  Dodge: Dodged            |    17 |    18 ||    35

Table legend: (Time is in decaauts)
 A = Elapsed time spent in this place.
 B = Non-inter-level travel time spent in this place.
 C = Inter-level travel time spent in this place.
 D = Time resting spent in this place.
 E = Time spent auto-exploring this place.
 F = Levels seen in this place.
 G = Mean time per level.
                   A        B        C        D        E       F      G
               +--------+--------+--------+--------+--------+-----+--------+
         Total |   1827 |   1774 |     53 |      0 |   1433 |   2 |  913.5 |
       Dungeon |   1827 |   1774 |     53 |      0 |   1433 |   2 |  913.5 |
               +--------+--------+--------+--------+--------+-----+--------+

Top non-repeatable levels by time:
     D:2: 1069 daAuts
     D:1: 758 daAuts
